 Dungeon Sprint DCSS version 0.02-122-g12e50fee3c (webtiles) character file.

Game seed: 1969383995533762863, levelgen mode: deterministic

98 lorenzova the Thaumaturge (level 4, -19/24 HPs) Deep Elf Fire Elementalist. Began on Oct 6, 2020. Killed from afar by a deep elf mage (24 damage) ... with a bolt of lightning ... in the Dungeon (Sprint III: "The Ten Rune Challenge"). The game lasted 00:02:57 (472 turns).

lorenzova the Thaumaturge (DEFE)                     Turns: 472, Time: 00:02:57

Health: -19/24     AC:  2    Str:  3    XL:     4 ^: 55
Magic:  9/18       EV: 13    Int: 23    God:
Gold:   21         SH:  0    Dex: 15    Spells: 10/20 levels left

rFire    . . .     Vision   .   (no weapon)
rCold    . . .     Gourm    .   (no weapon)
rNeg     . . .     Faith    .   a - +0 robe
rPois    .         Spirit   .   (no helmet)
rElec    .         Reflect  .   (no cloak)
rCorr    .         Harm     .   (no gloves)
MR       +....     NoTele   +   (no boots)
Stlth    ++........             (no amulet)
HPRegen  0.18/turn              (no ring)
MPRegen  0.28/turn              (no ring)

@: no status effects
A: clever 1, high mp 1, magic resistance 1, weak 1
a: no special abilities


You were in the Dungeon.
You were not hungry.

You visited 1 branch You collected 21 gold pieces.

Inventory:

Armour
 a - a +0 robe (worn)
Wands
 b - a wand of random effects (1)
Scrolls
 i - 2 scrolls of blinking
 j - a scroll of amnesia
 l - a scroll of fog
Potions
 d - a potion of curing
 e - 2 potions of heal wounds
 f - a potion of haste
 g - 2 potions of magic
 h - a potion of berserk rage
 k - 2 potions of invisibility
 m - 4 potions of mutation
Comestibles
 c - 4 rations


   Skills:
 - Level 2.4 Dodging
 - Level 2.4 Stealth
 + Level 8.7 Spellcasting
 + Level 7.6 Fire Magic


You had 10 spell levels left.
You knew the following spells:

 Your Spells              Type           Power        Failure   Level  Hunger
a - Foxfire               Fire           25 (25)      1%          1    None
b - Searing Ray           Fire           45 (50)      1%          2    None
c - Conjure Flame         Fire           45 (100)     1%          3    None
d - Sticky Flame          Fire/Pois      27 (100)     13%         4    ##.....

Your spell library contained the following spells:

 Spells                   Type           Power        Failure   Level  Hunger
 Inner Flame              Hex/Fire       27 (100)     4%          3    None
 Fireball                 Fire           45 (200)     8%          5    ####...


Dungeon Overview and Level Annotations

Branches:
Dungeon (1/1)

Altars:
Elyvilon
Zin
The Shining One


Innate Abilities, Weirdness & Mutations

Your mind is acute. (Int +2)
You have an increased reservoir of magic. (+10% MP)
You are resistant to hostile enchantments. (MR+)
You are weak. (Str -2)


Message History

(Press . to maintain the ray.)
Casting: Searing Ray (safe; 1% risk of failure)
Confirm with . or Enter, or press ? or * to list all spells.
Aiming: Searing Ray (safe; 1% risk of failure)
Press: ? - help, Shift-Dir - straight line, f/p - deep elf mage
Aim: a deep elf mage, wielding a +1 long sword of holy wrath (lightly wounded (31/36))
The searing ray hits the deep elf mage (6).
The deep elf mage is moderately wounded. (25/36) HP (Press . to maintain the ray.)
The searing ray hits the deep elf mage (7)!
The deep elf mage is heavily wounded. (19/36) HP The deep elf mage points at you and mumbles some strange words.
The bolt of lightning hits you (19)!!
Ouch! That really hurt!
* * * LOW HITPOINT WARNING * * *
The searing ray misses the deep elf mage.
The deep elf mage points at you and mumbles some strange words.
The bolt of lightning hits you (24)!!
Ouch! That really hurt!
You die...

▓▓▓▓ ▓▓▓ ...####
##.#####
......#####..#___#
....[÷.#??#..# .e#
#.##...#..#..###§#+###+#
#.###..##'#..#..@.......
##.##..###...'.⌠........
..##..####...#...######+
..##..###....#.⌠.#
.##...##.....#...#
##....#.†)...#+###
##..##.#.....#
#..#####....# ▓▓▓▓
▓▓▓▓▓▓


You could see a deep elf mage.

Vanquished Creatures
  A water elemental (D)
  Jessica (D)
  A sewer rat (D)
  An ooze (D)
  A phantom (D)
  2 rats (D)
7 creatures vanquished.

Vanquished Creatures (others)
  2 draconian scorchers (D)
  6 hellions (D)
  2 yaktaurs (D)
  14 foxfires (D)
24 creatures vanquished.

Grand Total: 31 creatures vanquished

Notes
Turn   | Place    | Note
-------+----------+-------------------------------------------
     0 | D        | lorenzova the Deep Elf Fire Elementalist began the quest
                  | for the Orb.
     0 | D        | Reached XP level 1. HP: 10/10 MP: 6/6
    16 | D        | Reached skill level 4 in Spellcasting
    60 | D        | Noticed Jessica
    71 | D        | Killed Jessica
    71 | D        | Reached skill level 6 in Spellcasting
    71 | D        | Reached skill level 5 in Fire Magic
    71 | D        | Reached XP level 2. HP: 15/15 MP: 7/11
    71 | D        | Reached XP level 3. HP: 19/19 MP: 7/12
    92 | D        | Killed a hellion
    95 | D        | Learned a level 2 spell: Searing Ray
    99 | D        | Learned a level 3 spell: Conjure Flame
   105 | D        | Killed a hellion
   106 | D        | Killed a hellion
   122 | D        | Killed a hellion
   136 | D        | Killed a hellion
   144 | D        | Killed a hellion
   162 | D        | Killed a white draconian scorcher
   191 | D        | Killed a yaktaur
   213 | D        | Killed a white draconian scorcher
   335 | D        | Reached skill level 7 in Spellcasting
   409 | D        | Gained mutation: You are dopey. (Int -2) [potion of
                  | mutation]
   409 | D        | Gained mutation: You are somewhat resistant to further
                  | mutation. [potion of mutation]
   410 | D        | Lost mutation: You are somewhat resistant to further
                  | mutation. [potion of mutation]
   410 | D        | Lost mutation: You are dopey. (Int -2) [potion of mutation]
   410 | D        | Gained mutation: You are weak. (Str -2) [potion of
                  | mutation]
   410 | D        | Gained mutation: You are resistant to hostile enchantments.
                  | (MR+) [potion of mutation]
   410 | D        | Gained mutation: You have an increased reservoir of magic.
                  | (+10% MP) [potion of mutation]
   410 | D        | Gained mutation: Your mind is acute. (Int +2) [potion of
                  | mutation]
   422 | D        | Noticed a water elemental
   425 | D        | Killed a water elemental
   425 | D        | Reached skill level 8 in Spellcasting
   425 | D        | Reached XP level 4. HP: 24/24 MP: 10/18
   458 | D        | Learned a level 4 spell: Sticky Flame
   466 | D        | Found a glowing silver altar of Zin.
   466 | D        | Found a glowing golden altar of the Shining One.
   466 | D        | Found a white marble altar of Elyvilon.
   467 | D        | Noticed a deep elf mage
   469 | D        | Killed a yaktaur
   472 | D        | Killed from afar by a deep elf mage

Levels and vault maps discovered:
D:        dungeon_sprint_mu [sprint_mu_entry_cave, sprint_mu_temple_rooms,
          sprint_mu_d1_spiders, sprint_mu_d2_genie, sprint_mu_d3_branching,
          sprint_mu_orc_legion, sprint_mu_elf_gauntlet, sprint_mu_hive_nellie,
          sprint_mu_lair_fedhas, sprint_mu_vaults_butterflies,
          sprint_mu_slime_circle, sprint_mu_shoals_archi,
          sprint_mu_snake_twists, sprint_mu_blade_basic,
          sprint_mu_crypt_chambers, sprint_mu_tomb_spiral,
          sprint_mu_vestibule_basic, sprint_mu_gehenna_hellfire,
          sprint_mu_dis_giant, sprint_mu_tartarus_statrot,
          sprint_mu_cocytus_islands, sprint_mu_zot1]

Skill      XL: |  1  2  3 |
---------------+----------+-----
Spellcasting   | 6 8 |  8.7
Fire Magic     | 5 7 |  7.6
Dodging        | |  2.4
Stealth        | |  2.4

Action                   |  1- 3 |  4- 6 || total
-------------------------+-------+-------++-------
Melee: Unarmed           |     2 |       ||     2
 Cast: Foxfire           |     9 |       ||     9
       Searing Ray       |    10 |     2 ||    12
       Conjure Flame     |     4 |     1 ||     5
  Use: Potion            |     2 |       ||     2
Dodge: Dodged            |     9 |       ||     9
